 Dungeon Sprint DCSS version 0.16-a0-3540-gcd4db26 (webtiles) character file.

187 BluebellGnoll the Covert (level 5, -8/31 HPs)
             Began as an Octopode Enchanter on Jan 9, 2015.
             Was a Follower of Vehumet.
             Mangled by a white ugly thing (22 damage)
             ... in the Dungeon (Sprint V: "Ziggurat Sprint").
             The game lasted 00:04:36 (479 turns).

BluebellGnoll the Covert (Octopode Enchanter)        Turns: 479, Time: 00:04:36

Health: -8/31      AC:  1    Str: 20    XL:     5   Next: 66%
Magic:  8/14       EV:  7    Int: 30    God:    Vehumet [*.....]
Gold:   0          SH:  0    Dex: 24    Spells: 5 memorised, 0 levels left

rFire  . . .     SeeInvis .     G - +6 rod of the swarm (12/12)
rCold  . . .     Clarity  .     K - +18 shield of the gong {rElec rN+ MR+ EV-5}
rNeg   + . .     SustAb   .     (helmet restricted)
rPois  .         Gourm    .     (no amulet)
rElec  +         Spirit   .     n - +6 ring of dexterity
rCorr  .         Warding  .     o - +6 ring of dexterity
rMut   .         NoTele   +     p - +6 ring of intelligence
MR     +....                    q - +6 ring of intelligence
Stlth  +++.......               r - +6 ring of strength
                                s - +6 ring of strength
                                (no ring)
                                (no ring)

@: confused, somewhat resistant to hostile enchantments, fairly stealthy
A: almost no armour, amphibious, 8 rings, constrict 8, camouflage 1, gelatinous
body 1
a: Renounce Religion


You were in the Dungeon.
You worshipped Vehumet.
Vehumet was aware of your devotion.
You were not hungry.

You visited 1 branch

Inventory:

Hand weapons
 J - the cursed +14 obsidian axe {chop, +Fly Str+3 SInv Curse}
   (You found it in the Dungeon)

   It inflicts extra damage upon your enemies.
   It affects your strength (+3).
   It enhances your eyesight.
   It lets you fly.
   It may recurse itself when equipped.
   It has a curse placed upon it.
 L - a +5 quick blade
Armour
 K - the +18 shield of the gong (worn) {rElec rN+ MR+ EV-5}
   (You found it in the Dungeon)

   It affects your evasion (-5).
   It insulates you from electricity.
   It protects you from negative energy.
   It affects your resistance to hostile enchantments.
Rods
 G - a +6 rod of the swarm (12/12) (weapon)
   (You found it in the Dungeon)
Jewellery
 n - a +6 ring of dexterity (left tentacle)
 o - a +6 ring of dexterity (right tentacle)
 p - a +6 ring of intelligence (on tentacle)
 q - a +6 ring of intelligence (on tentacle)
 r - a +6 ring of strength (on tentacle)
 s - a +6 ring of strength (on tentacle)
Magical devices
 b - a wand of disintegration (7)
 k - a wand of fire (2)
 l - a wand of cold (5)
 m - a wand of draining (5)
Scrolls
 j - 4 scrolls of blinking
 v - 4 scrolls of amnesia
 w - 3 scrolls of recharging
 x - 7 scrolls of fog
 y - a scroll of holy word
 z - 5 scrolls of identify
 A - 5 scrolls of remove curse
 B - 2 scrolls of fear
Potions
 e - 9 potions of curing
 f - 12 potions of heal wounds
 g - 5 potions of haste
 h - 7 potions of magic
 i - 3 potions of berserk rage
 C - 2 potions of brilliance
 D - 2 potions of invisibility
 E - 2 potions of restore abilities
 F - 4 potions of resistance
 H - 4 potions of agility
 I - 4 potions of might
Books
 c - a book of Maledictions

   Spells                             Type                      Level
   a - Corona                         Hexes                        1
   b - Sure Blade                     Hexes/Charms                 2
   c - Ensorcelled Hibernation        Hexes/Ice                    2
   d - Confuse                        Hexes                        3
   e - Dazzling Spray                 Conjuration/Hexes            3
   f - Enslavement                    Hexes                        4
Miscellaneous
 a - a phial of floods
Comestibles
 d - 5 bread rations
 t - 42 fruits
 u - 4 meat rations


   Skills:
 - Level 1.0 Short Blades
 - Level 2.0 Dodging
 - Level 8.8 Stealth
 - Level 7.3 Shields
 * Level 4.9 Spellcasting
 + Level 6.6 Hexes


You couldn't memorise any spells.
You knew the following spells:

 Your Spells              Type           Power        Failure   Level  Hunger
a - Corona                Hex            #####..      1%          1    None
b - Ensorcelled Hibernat  Hex/Ice        ####..       4%          2    None
c - Confuse               Hex            #####...     2%          3    #......
e - Dazzling Spray        Conj/Hex       ####....     10%         3    #......
f - Enslavement           Hex            #####...     10%         4    ###....


Dungeon Overview and Level Annotations

Branches:
Dungeon (1/1)

Altars:
Ashenzari
Cheibriados
Dithmenos
Elyvilon
Fedhas
Gozag
Kikubaaqudgha
Makhleb
Nemelex Xobeh
Okawaru
Qazlal
Ru
Sif Muna
Trog
Vehumet
Xom
Yredelemnul
Zin
The Shining One
Beogh
Jiyva
Lugonu


Innate Abilities, Weirdness & Mutations

You cannot wear most types of armour.
You are amphibious.
You can wear up to eight rings at the same time.
You can use your tentacles to constrict many enemies at once.
Your skin changes colour to match your surroundings (Stealth).
Your rubbery body absorbs attacks (AC +1).


Message History

Drink which item? (? for menu, Esc to quit)
You feel better.
Casting: Confuse
Confirm with . or Enter, or press ? or * to list all spells.
Aiming: Dazzling Spray
Press: ? - help, Shift-Dir - straight line, f/p - golden eye
Aim: a golden eye The spray of energy misses the golden eye.
The spray of energy hits the red ugly thing.
The red ugly thing is lightly wounded.
The spray of energy hits the white ugly thing.
The white ugly thing is lightly wounded.
The white ugly thing is dazzled.
The golden eye blinks at you.
You are confused.
The white ugly thing headbutts you!
Ouch! That really hurt!
The white ugly thing freezes you!!
Ouch! That really hurt!
You die...

▓▓▓▓▓▓▓▓▓▓▓▓▓▓▓▓▓▓▓
▓.8©8.▓.8©8.▓.8©8.▓
▓.}B[.▓...:.▓.....▓
▓..)..▓.....▓.)...▓
▓..u..▓.....▓.....▓
▓..Gu.▓.....▓.††..▓
▓..@..▓.....▓.....▓
▓.....▓.....▓▓▓▓▓▓▓
▓▓▓▓▓▓▓▓▓▓▓▓▓


You could see 2 ugly things, a goliath beetle and a golden eye.

Vanquished Creatures
  2 adders (D)
  A shadow imp (D)
3 creatures vanquished.

Vanquished Creatures (collateral kills)
  A large abomination (D)
  An iron imp (D)
2 creatures vanquished.

Grand Total: 5 creatures vanquished

Notes
Turn   | Place    | Note
--------------------------------------------------------------
     0 | D        | BluebellGnoll, the Octopode Enchanter, began the quest for the Orb.
     0 | D        | Reached XP level 1. HP: 11/11 MP: 3/3
     0 | D        | Found a viscous altar of Jiyva.
     0 | D        | Found a corrupted altar of Lugonu.
     0 | D        | Found a white marble altar of Elyvilon.
     2 | D        | Found a sparkling altar of Nemelex Xobeh.
     2 | D        | Found a burning altar of Makhleb.
     3 | D        | Found a deep blue altar of Sif Muna.
     3 | D        | Found a bloodstained altar of Trog.
     6 | D        | Found an iron altar of Okawaru.
    17 | D        | Found a radiant altar of Vehumet.
    18 | D        | Found a basalt altar of Yredelemnul.
    38 | D        | Found a shimmering altar of Xom.
    47 | D        | Became a worshipper of Vehumet
    53 | D        | Reached skill level 7 in Shields
    53 | D        | Reached XP level 2. HP: 17/17 MP: 4/4
    57 | D        | Learned a level 2 spell: Ensorcelled Hibernation
    57 | D        | Entered arena 1.
    61 | D        | Reached skill level 5 in Stealth
    63 | D        | Reached XP level 3. HP: 14/21 MP: 0/6
   224 | D        | Learned a level 3 spell: Confuse
   251 | D        | Entered arena 2.
   251 | D        | Noticed an iron imp
   251 | D        | Noticed a large abomination
   256 | D        | Acquired Vehumet's first power
   256 | D        | Offered knowledge of Sting by Vehumet.
   271 | D        | Killed an iron imp
   272 | D        | Identified a +6 rod of the swarm (12/12) (You found it in the Dungeon)
   274 | D        | Killed a large abomination
   274 | D        | Reached skill level 8 in Stealth
   274 | D        | Reached XP level 4. HP: 24/27 MP: 1/12
   274 | D        | Reached XP level 5. HP: 27/31 MP: 1/14
   279 | D        | Learned a level 3 spell: Dazzling Spray
   284 | D        | Learned a level 4 spell: Enslavement
   475 | D        | Entered arena 3.
   475 | D        | Noticed a goliath beetle
   475 | D        | Noticed a red ugly thing
   475 | D        | Noticed a golden eye
   475 | D        | Noticed a white ugly thing
   479 | D        | Mangled by a white ugly thing

Action                   |  1- 3 |  4- 6 || total
-------------------------+-------+-------++-------
Melee: Quick blade       |     4 |       ||     4
 Cast: Ensorcelled Hiber |     1 |       ||     1
       Confuse           |     2 |     1 ||     3
       Dazzling Spray    |       |     1 ||     1
Evoke: Wand              |     3 |       ||     3
       Rod               |     1 |       ||     1
       Phial of floods   |     1 |       ||     1
  Use: Potion            |     4 |     1 ||     5
